 Dungeon Crawl Stone Soup version 0.31-a0-1547-g618ab1f346 (webtiles) character file.

Game seed: 13628668450668579054

1961 Flugslaktarn the Toxicologist (level 9, -4/58 HPs)
             Began as an Octopode Alchemist on Jan 3, 2024.
             Slain by a sixfirhy (10 damage)
             ... summoned by a kobold demonologist
             ... on level 7 of the Dungeon.
             The game lasted 00:06:04 (2197 turns).

Flugslaktarn the Toxicologist (Octopode Alchemist)  Turns: 2197, Time: 00:06:04

Health: -4/58      AC:  1    Str: 13    XL:     9   Next: 19%
Magic:  4/19       EV: 13    Int: 21    God:
Gold:   325        SH:  5    Dex: 13    Spells: 13/22 levels left

rFire   . . .        c - +2 dagger (protect)
rCold   . . .        (no shield)
rNeg    + . .        (helmet restricted)
rPois   .            j - amulet of reflection
rElec   .            k - ring of resist corrosion
rCorr   +            o - +6 ring of strength
SInv    .            p - ring of positive energy
Will    .....        (no ring)
Stlth   +++          (no ring)
HPRegen 0.29/turn    (no ring)
MPRegen 0.16/turn    (no ring)
                     (no ring)

%: reflection
@: no status effects
A: almost no armour, amphibious, 8 rings, camouflage 1, gelatinous body 1,
(nimble swimmer 1), tentacles
a: no special abilities


You were on level 7 of the Dungeon.
You visited 1 branch of the dungeon, and saw 7 of its levels.

You collected 325 gold pieces.

Inventory:

Hand Weapons
 c - a +2 dagger of protection (weapon)
   (You took it off an orc wizard on level 7 of the Dungeon)
 f - a +0 dagger
   (You took it off a goblin on level 1 of the Dungeon)
Jewellery
 j - an amulet of reflection (around mantle)
   (You found it on level 2 of the Dungeon)
 k - a ring of resist corrosion (left tentacle)
   (You found it on level 1 of the Dungeon)
 o - a +6 ring of strength (right tentacle)
   (You found it on level 3 of the Dungeon)
 p - a ring of positive energy (on tentacle)
   (You found it on level 4 of the Dungeon)
Scrolls
 h - a scroll of fog
 i - a scroll of vulnerability {unknown}
 s - a scroll of brand weapon
 u - a scroll of immolation {unknown}
 w - a scroll of torment {unknown}
 x - a scroll of poison {unknown}
 z - a scroll of blinking
Potions
 a - a potion of magic
 b - a potion of degeneration
 d - a potion of might {unknown}
 e - a potion of mutation {unknown}
 g - 2 potions of berserk rage
 l - 3 potions of ambrosia {unknown}
 m - 2 potions of invisibility {unknown}
 n - a potion of enlightenment {unknown}
 q - a potion of curing
 r - a potion of heal wounds {unknown}
 v - a potion of haste {unknown}


   Skills:
 - Level 4.0 Fighting
 - Level 2.0 Dodging
 - Level 4.0 Stealth
 + Level 7.0 Spellcasting
 - Level 1.0 Conjurations
 - Level 4.0 Fire Magic
 - Level 8.0 Alchemy


You had 13 spell levels left.
You knew the following spells:

 Your Spells              Type           Power      Damage    Failure   Level
a - Sting                 Conj/Alch      100%       1d9       1%          1
b - Olgreb's Toxic Radia  Alch           40%        N/A       3%          4
c - Sticky Flame          Fire/Alch      32%        2d7       8%          4

Your spell library contained the following spells:

 Spells                   Type           Power      Damage    Failure   Level
 Mercury Vapours          Alch/Air       48%        N/A       2%          2
 Mephitic Cloud           Conj/Alch/Air  19%        N/A       8%          3
 Volatile Blastmotes      Fire/Tloc      30%        2d12      12%         3
 Dazzling Flash           Conj/Hex       18%        N/A       22%         3
 Starburst                Conj/Fire      8%         6d4       99%         6
 Maxwell's Capacitive Co  Air            3%         ∞         100%        8


Dungeon Overview and Level Annotations

Branches:
Dungeon (7/15)
 Temple: D:4-7

Altars:
Gozag
Ru

Annotations:
D:2 Jessica
D:3 Grinder
D:4 1 runed translucent door, JaaP's ghost, weakling DEFE
D:5 1 runed translucent door, exclusion: ice beast, NigelTetley's ghost, novice DsGl
D:6 Maggie


Innate Abilities, Weirdness & Mutations

You cannot wear most types of armour.
You are amphibious.
You can wear up to eight rings at the same time.
Your skin changes colour to match your surroundings (Stealth+).
Your rubbery body absorbs attacks. (AC +1, EV +1)
((You are camouflaged when in or above water. (Stealth+)))
You have tentacles for arms and can constrict up to eight enemies at once.


Message History

You start resting.
Magic restored.
You see here a +0 ring mail.
A kobold comes into view. It is wielding a +0 dagger.
The kobold shouts!
You hear a shout! x3
A kobold demonologist comes into view. It is wielding a +0 dagger. x2
You hear a shout! 2 kobold demonologists and a kobold come into view.
The kobold demonologist shouts! x2; You hear a shout!
The kobold demonologist looks braver for a moment.
The kobold demonologist gestures wildly while chanting.
The kobold moves out of view.
A kobold comes into view. It is wielding a +2 dagger of flaming.
The kobold demonologist begins to cast a cantrip, but forgets the words!
Casting: Sticky Flame (dangerous; 9% risk of failure)
Confirm with . or Enter, or press ? or * to list all spells.
You begin to radiate toxic energy.
The orange demon is poisoned.
The kobold demonologist is poisoned. x5; The kobold is poisoned. x2
The orange demon looks even sicker.
The kobold demonologist looks even sicker. x3
You kill the kobold! x2
The kobold demonologist gestures wildly while chanting.
The orange demon closely misses you.
Casting: Olgreb's Toxic Radiance (dangerous; 3% risk of failure)
Confirm with . or Enter, or press ? or * to list all spells.
Your toxic radiance grows in intensity.
The orange demon looks even sicker.
The kobold is poisoned.
The kobold demonologist looks even sicker. x2
You kill the kobold!
The orange demon stings you from afar!
The kobold demonologist looks as sick as possible!
The kobold demonologist looks even sicker.
The kobold demonologist looks braver for a moment.
The kobold demonologist casts a spell.
The orange demon attacks as it pursues you!
The orange demon barely misses you.
The kobold demonologist looks as sick as possible!
The kobold demonologist looks even sicker.
Your toxic aura wanes.
You see here a +0 ring mail.
You miss the kobold demonologist.
Your grab misses the kobold demonologist.
The kobold demonologist is moderately wounded.
The kobold demonologist mumbles some strange words.
The kobold demonologist gestures wildly while chanting.
Casting: Olgreb's Toxic Radiance (dangerous; 3% risk of failure)
Confirm with . or Enter, or press ? or * to list all spells.
Aiming: Sticky Flame (dangerous; 9% risk of failure)
Press: ? - help, Shift-Dir - straight line, f - kobold demonologist
Aim: a kobold demonologist, wielding a +0 dagger and wearing a +0 robe (heavily wounded, very poisoned)
The sticky flame hits the kobold demonologist.
The kobold demonologist is heavily wounded.
The kobold demonologist burns!
The orange demon closely misses you.
The kobold demonologist mumbles some strange words.
Unknown command.
You closely miss the kobold demonologist.
You grab the kobold demonologist.
The kobold demonologist is severely wounded.
You constrict the kobold demonologist.
The kobold demonologist burns!
The orange demon misses you. The ufetubus barely misses you.
The ufetubus closely misses you.
The kobold demonologist casts a spell.
Unknown command.
You hit the kobold demonologist but do no damage.
Your weapon exudes an aura of protection.
The kobold demonologist is severely wounded.
You constrict the kobold demonologist.
The kobold demonologist burns!
You kill the kobold demonologist!
The orange demon disappears in a puff of smoke!
The soul eater disappears in a puff of smoke!
The ufetubus disappears in a puff of smoke!
Your Spellcasting skill increases to level 7!
Unknown command.
Casting: Sticky Flame (dangerous; 8% risk of failure)
Confirm with . or Enter, or press ? or * to list all spells.
You begin to radiate toxic energy.
The kobold demonologist looks even sicker.
The shadow imp shouts, "Get thee hence, thou currish moon-mazed deadneck!"
The kobold demonologist looks as sick as possible!
The kobold demonologist casts a cantrip, but nothing happens.
The kobold demonologist looks satisfied for a moment.
You see here a +0 ring mail.
You closely miss the kobold demonologist.
Your grab misses the kobold demonologist.
Your squeeze misses the kobold demonologist.
The kobold demonologist is severely wounded.
The sixfirhy is poisoned.
The kobold demonologist looks even sicker.
The kobold demonologist looks as sick as possible!
Your toxic aura wanes.
The sixfirhy hits you. The sixfirhy shocks you!
The kobold demonologist begins to cast a cantrip, but forgets the words!
You aren't carrying any items that you can evoke.
Unknown command.
You feel better. The sixfirhy hits you! The sixfirhy shocks you!
* * * LOW HITPOINT WARNING * * *
The sixfirhy hits you.
* * * LOW HITPOINT WARNING * * *
The sixfirhy shocks you!
You die...

...# #.. ....###.
........) ....# #
.....#####
########.....##...
#...............##
#.####.#####..# #
#@####.### ## #
#3##.....# #.
#K#.8...8.# #..
#5#.......# #..#
#K55.._...... #.#
###..5.3..#.. >.
#.8K..8.#....
##..KK.## ...
###5###


You could see 2 kobold demonologists, a sixfirhy (summoned, poisoned), a quasit
(summoned) and a shadow imp (summoned).

Vanquished Creatures
  A kobold demonologist (D:7)
  A troll (D:7)
  Sigmund (D:4)
  A steam dragon (D:7)
  A vampire mosquito (D:7)
  An orc warrior (D:7)
  A sky beast (D:7)
  A black bear (D:6)
  An ogre (D:6)
  3 scorpions
  A bullfrog (D:5)
  3 hounds
  2 bombardier beetles (D:5)
  A jelly (D:7)
  A gnoll bouda (D:4)
  An orc priest (D:5)
  An iguana (D:6)
  Natasha (D:2)
  2 orc wizards
  4 gnolls (D:4)
  2 adders
  2 white imps
  2 ribbon worms
  A dart slug (D:3)
  16 orcs
  3 bats
  5 endoplasms
  2 giant cockroaches
  3 goblins (D:1)
  3 hobgoblins
  3 jackals (D:5)
  6 ball pythons
  2 frilled lizards
  10 kobolds
  4 rats
93 creatures vanquished.

Notes
Turn   | Place    | Note
-------+----------+-------------------------------------------
     0 | D:1      | Flugslaktarn the Octopode Alchemist began the quest for the
                  | Orb.
     0 | D:1      | Reached XP level 1. HP: 11/11 MP: 3/3
   109 | D:1      | Reached XP level 2. HP: 13/17 MP: 0/5
   135 | D:2      | Noticed Natasha
   201 | D:1      | Reached skill level 4 in Alchemy
   326 | D:1      | Reached XP level 3. HP: 21/21 MP: 3/6
   418 | D:2      | Killed Natasha
   451 | D:2      | Noticed Jessica
   521 | D:3      | Noticed Grinder
   549 | D:3      | Reached XP level 4. HP: 26/27 MP: 6/8
   637 | D:4      | Found a sacrificial altar of Ru.
   668 | D:3      | Learned a level 4 spell: Olgreb's Toxic Radiance
   773 | D:3      | Found a faded altar of an unknown god.
   838 | D:4      | Reached skill level 5 in Alchemy
   848 | D:4      | Reached XP level 5. HP: 30/31 MP: 3/9
   929 | D:4      | Found a runed translucent door.
   931 | D:4      | Noticed JaaP's ghost (weakling DEFE)
  1037 | D:4      | Reached skill level 6 in Alchemy
  1037 | D:4      | Reached XP level 6. HP: 36/36 MP: 8/11
  1056 | D:4      | Noticed Sigmund
  1071 | D:4      | Killed Sigmund
  1125 | D:5      | Entered Level 5 of the Dungeon
  1133 | D:5      | HP: 1/36 [scorpion (6)]
  1135 | D:5      | Reached skill level 7 in Alchemy
  1135 | D:5      | Reached XP level 7. HP: 13/41 MP: 1/13
  1269 | D:5      | Found a runed translucent door.
  1270 | D:5      | Noticed NigelTetley's ghost (novice DsGl)
  1297 | D:5      | Learned a level 4 spell: Sticky Flame
  1355 | D:5      | Reached skill level 1 in Fire Magic
  1453 | D:6      | Noticed Maggie
  1469 | D:5      | Reached skill level 8 in Alchemy
  1542 | D:5      | Reached XP level 8. HP: 28/46 MP: 9/15
  1670 | D:6      | Reached skill level 5 in Spellcasting
  2079 | D:7      | Noticed a kobold demonologist
  2079 | D:7      | Noticed a troll
  2079 | D:7      | Found the +8 whip "Snakebite" {venom, curare, rPois}
  2079 | D:7      | Noticed a manticore
  2081 | D:7      | Noticed a cyclops
  2084 | D:7      | Noticed a smoke demon
  2085 | D:7      | Noticed an ice devil
  2087 | D:7      | Killed a troll
  2088 | D:7      | Reached XP level 9. HP: 13/58 MP: 3/18
  2088 | D:7      | Found an opulent altar of Gozag.
  2088 | D:7      | Noticed a kobold demonologist
  2180 | D:7      | Noticed a kobold demonologist
  2180 | D:7      | Noticed a kobold demonologist
  2181 | D:7      | Noticed a kobold demonologist
  2181 | D:7      | Noticed a kobold demonologist
  2182 | D:7      | Noticed an orange demon
  2186 | D:7      | Noticed a sixfirhy
  2190 | D:7      | Noticed a soul eater
  2192 | D:7      | Killed a kobold demonologist
  2197 | D:7      | Slain by a sixfirhy

Illustrated notes

Levels and vault maps discovered:
D:1:      minmay_arrival_jagged, layout_basic
D:2:      layout_basic, minmay_misc_feat_secret_circle,
          minmay_misc_feat_ornament, minmay_tromino_v4_c, uniq_natasha,
          uniq_jessica
D:3:      layout_basic, shapermc_ecumenical_altar_mp_vishouse, corner_web_ring,
          serial_bayou_lake_a, uniq_grinder
D:4:      layout_cave_pools, mainiacjoe_overflow_six_doors_small,
          gammafunk_ghost_grave, uniq_sigmund
D:5:      layout_basic, gammafunk_ghost_grave, minmay_misc_feat_pillars
D:6:      layout_loops_ring, mainiacjoe_overflow_boulevard, serial_park_tiny_1,
          dreamdust_princess_bridge, nicolae_kite_square_tiling_tiny,
          uniq_maggie
D:7:      minmay_the_grid_triangle_9x9_recursive_2
          [minmay_the_grid_triangle_9x9_prize_schism,
          minmay_the_grid_triangle_9x9_sparse_checkered,
          minmay_the_grid_triangle_9x9_empty,
          minmay_the_grid_triangle_9x9_checkered], layout_rooms,
          grunt_gozag_statues, grunt_temple_overflow_diamond,
          minmay_temple_entry_proselytizer, dk_noncrumbling_4

Skill      XL: |  1  2  3  4  5  6  7  8  9 |
---------------+----------------------------+-----
Alchemy        | 4 5 6 7 8 |  8.0
Spellcasting   | 3 4 6 7 |  7.0
Fire Magic     | 2 4 |  4.0
Fighting       | 4 |  4.0
Stealth        | 4 |  4.0
Dodging        | |  2.0
Conjurations   | |  1.0

Action                     |  1- 3 |  4- 6 |  7- 9 || total
---------------------------+-------+-------+-------++-------
  Melee: Unarmed           |    35 |       |       ||    35
         Constrict         |    11 |    10 |     8 ||    29
         Tentacles         |     9 |    10 |     9 ||    28
         Dagger            |    18 |    28 |    43 ||    89
         Punch             |       |       |     1 ||     1
   Cast: Sting             |    27 |    25 |    39 ||    91
         Olgreb's Toxic Ra |       |     3 |    13 ||    16
         Sticky Flame      |       |       |     4 ||     4
    Use: Potion            |       |     1 |     4 ||     5
         Scroll            |       |       |     7 ||     7
   Stab: Sleeping          |     1 |     1 |       ||     2
 Armour: Skin              |    31 |    18 |    36 ||    85
  Dodge: Dodged            |    60 |    16 |    44 ||   120
  Block: Other             |     3 |     9 |    14 ||    26
         Reflection        |     2 |       |       ||     2

Table legend: (Time is in decaauts)
 A = Elapsed time spent in this place.
 B = Non-inter-level travel time spent in this place.
 C = Inter-level travel time spent in this place.
 D = Time resting spent in this place.
 E = Time spent auto-exploring this place.
 F = Levels seen in this place.
 G = Mean time per level.
                   A        B        C        D        E       F      G
               +--------+--------+--------+--------+--------+-----+--------+
         Total |   2202 |   1993 |    209 |    253 |    764 |   7 |  314.6 |
       Dungeon |   2202 |   1993 |    209 |    253 |    764 |   7 |  314.6 |
               +--------+--------+--------+--------+--------+-----+--------+

Top non-repeatable levels by time:
     D:5: 428 daAuts
     D:1: 406 daAuts
     D:7: 343 daAuts
     D:4: 343 daAuts
     D:3: 322 daAuts
     D:6: 307 daAuts
     D:2: 50 daAuts
